 Dungeon Crawl Stone Soup version 0.17-a0-1475-g9f81d98 (webtiles) character file.

20416 abixa the Warrior (level 12, -7/144 HPs)
             Began as an Ogre Gladiator on July 2, 2015.
             Was a High Priest of Okawaru.
             Mangled by a komodo dragon (29 damage)
             ... on level 3 of the Lair of Beasts.
             The game lasted 01:26:27 (28322 turns).

abixa the Warrior (Ogre Gladiator)                 Turns: 28322, Time: 01:26:27

Health: -7/144     AC:  4    Str: 25    XL:     12   Next: 79%
Magic:  13/13      EV: 10    Int: 11    God:    Okawaru [*****.]
Gold:   673        SH:  0    Dex: 14    Spells: 2 memorised, 7 levels left

rFire  + . .     SeeInvis .     q - +0 flail
rCold  . . .     Clarity  .     R - +0 robe {MR+}
rNeg   + + .     SustAt   .     (no shield)
rPois  .         Gourm    .     c - +0 hat
rElec  .         Spirit   .     n - +0 cloak "Ecaxuv" {rN+ Dex+4}
rCorr  .         Warding  +     (gloves unavailable)
rMut   .         Stasis   .     (boots unavailable)
MR     ++...                    u - amulet of warding
Stlth  +++.......               (no ring)
                                k - ring of Accord {rF+ Str+2 Slay+2 Stlth+}

@: very resistant to hostile enchantments, fairly stealthy
A: unfitting armour, tough skin 1
a: Heroism, Finesse, Renounce Religion


You were on level 3 of the Lair of Beasts.
You worshipped Okawaru.
Okawaru was extremely pleased with you.
You were not hungry.

You visited 3 branches of the dungeon, and saw 16 of its levels.

You collected 730 gold pieces.
You spent 57 gold pieces at shops.

Inventory:

Hand weapons
 a - a +2 whip of venom
 b - a +0 blowgun of evasion
 q - a +0 flail (weapon)
 U - a +0 trident
Missiles
 d - 6 throwing nets
 f - 9 tomahawks
 g - 115 poisoned needles
 h - 528 stones (quivered)
 j - 14 poisoned javelins
 m - 10 large rocks
 s - 5 needles of slowing
 B - 3 curare-tipped needles
 D - 6 needles of paralysis
 M - 8 needles of frenzy
 Q - 13 javelins
Armour
 c - a +0 hat (worn)
 n - the +0 cloak "Ecaxuv" (worn) {rN+ Dex+4}
   (You found it on level 11 of the Dungeon)

   It affects your dexterity (+4).
   It protects you from negative energy.
 R - a +0 robe of magic resistance (worn)
Jewellery
 k - the ring of Accord (left hand) {rF+ Str+2 Slay+2 Stlth+}
   (You found it on level 12 of the Dungeon)

   [ring of stealth]

   It affects your strength (+2).
   It affects your accuracy and damage with ranged weapons and melee attacks
   (+2).
   It protects you from fire.
   It makes you more stealthy.
 o - an uncursed ring of teleportation
 r - an uncursed ring of wizardry
 u - an amulet of warding (around neck)
 O - an uncursed ring of stealth
 V - an uncursed ring of sustain attributes
 X - an uncursed ring of fire
Magical devices
 e - a wand of slowing (26)
 p - a wand of slowing (25)
 F - a wand of cold (8)
 T - a wand of confusion (21)
Scrolls
 t - 4 scrolls of remove curse
 y - 4 scrolls of magic mapping
 C - 5 scrolls of teleportation
Potions
 z - 3 potions of heal wounds
Comestibles
 i - 9 royal jellies
 l - a beef jerky


   Skills:
 - Level 16.0 Fighting
 + Level 14.4 Maces & Flails
 - Level 13.0 Throwing
 - Level 2.6 Dodging
 - Level 1.4 Invocations


You had 7 spell levels left.
You knew the following spells:

 Your Spells              Type           Power        Failure   Level  Hunger
a - Blink                 Tloc           N/A          56%         2    ###....
b - Repel Missiles        Chrm/Air       #.....       56%         2    ###....


Dungeon Overview and Level Annotations

Branches:
Dungeon (12/15)            Temple (1/1) D:4            Lair (3/8) D:10
 Spider (0/4) Lair:3          Orc (0/4) D:11
  Swamp: Lair:3-6    Shoals: Lair:3-6

Altars:
Ashenzari
Cheibriados
Dithmenos
Elyvilon
Fedhas
Gozag
Kikubaaqudgha
Makhleb
Nemelex Xobeh
Okawaru
Qazlal
Ru
Sif Muna
Trog
Vehumet
Xom
Yredelemnul
Zin
The Shining One

Shops:
D:5 (

Annotations:
D:9 1 runed door
D:10 Ontamu's ghost, powerful DsMo


Innate Abilities, Weirdness & Mutations

You are too large for most types of armour.
You have tough skin (AC +1).


Message History

The komodo dragon is severely wounded.
The komodo dragon bites you!
You barely miss the komodo dragon.
The komodo dragon is severely wounded.
The komodo dragon bites you!
You hit the komodo dragon but do no damage.
The komodo dragon is severely wounded.
You hit the komodo dragon but do no damage.
The komodo dragon is severely wounded.
The komodo dragon bites you!!
* * * LOW HITPOINT WARNING * * *
You closely miss the komodo dragon.
The komodo dragon is severely wounded.
The komodo dragon bites you!!
* * * LOW HITPOINT WARNING * * *
There is a stone staircase leading up here.
The komodo dragon bites you.
* * * LOW HITPOINT WARNING * * *
The komodo dragon bites you!!
You die...

...## ##.###.### #### ....###.##
#.#.####### #..### ....##.##
#..#.##.#.## ##....# ........#
#.........P#######..#†## .......###
##....P....#.##....##.#
.#.##..#.####.#..###...........###
#####.>.....#######.......#...#####
# ###........P.#....######..##PP# #
#..........@....## ###..... ##
###.........l......## ##.....
.####............#..#...## ##.....#
.##............######.##.###P...#.#
..#.###.........## #.#........P###
.##.# ###..<.....# #.......#.>.###
###.# ##....#.### ##.######...#.. #
#.## #.#...##.P# #...# ##...Y#
###..# ##...#....####..## ###..:..


You could see a komodo dragon.

Vanquished Creatures
  Harold (D:10)
  A centaur warrior (D:11)
  Urug (D:10)
  A hill giant (D:10)
  An ugly thing (D:11)
  A cyclops (D:12)
  A black mamba (Lair:1)
  Maurice (D:9)
  A gargoyle (D:11)
  2 spiny frogs (Lair:3)
  5 komodo dragons
  2 two-headed ogres
  A queen bee (D:11)
  A troll (D:9)
  4 blink frogs (Lair:2)
  A wraith (D:10)
  9 yaks
  A deep elf mage (D:11)
  2 hungry ghosts
  A wolf (Lair:2)
  A basilisk (Lair:2)
  5 hippogriffs
  A warg (D:11)
  3 water moccasins
  2 ice beasts
  3 orc warriors
  3 centaurs
  4 porcupines
  2 sky beasts
  A necrophage (D:7)
  2 phantoms (D:7)
  5 crocodiles
  7 ogres
  3 gnoll sergeants
  A wyvern zombie (D:9)
  A big kobold (D:9)
  12 giant frogs
  38 killer bees
  6 scorpions
  A spriggan skeleton (D:9)
  A troll skeleton (D:9)
  7 hounds
  7 crimson imps
  A giant frog zombie (D:7)
  2 quasits
  A giant frog skeleton (D:8)
  14 orc wizards
  A centaur zombie (D:7)
  7 orc priests
  Ijyb (D:2)
  5 jellies
  2 gnoll shamans
  11 iguanas
  9 worker ants
  Natasha (thrice) (D:3)
  4 centaur skeletons
  A killer bee zombie (D:7)
  13 sheep
  A hound zombie (D:9)
  3 worker ant zombies
  25 gnolls
  19 river rats
  10 adders
  4 shadow imps
  An ooze (D:7)
  An adder zombie (D:5)
  4 worms
  3 adder skeletons
  6 giant geckos
  43 orcs
  12 giant cockroaches
  19 hobgoblins
  10 quokkas
  15 bats
  2 giant newts
  14 goblins
  14 jackals
  A jackal zombie (D:6)
  21 kobolds
  A quokka zombie (D:7)
  17 rats
  3 fungi (D:3)
478 creatures vanquished.

Vanquished Creatures (others)
  An orc (D:5)
  A quokka (D:5)
  A rat (D:5)
  A bush (D:8)
  6 fungi
  7 plants
17 creatures vanquished.

Grand Total: 495 creatures vanquished

Notes
Turn   | Place    | Note
--------------------------------------------------------------
     0 | D:1      | abixa the Ogre Gladiator began the quest for the Orb.
     0 | D:1      | Reached XP level 1. HP: 22/22 MP: 1/1
   207 | D:1      | Reached XP level 2. HP: 14/29 MP: 2/2
   487 | D:1      | Reached skill level 5 in Maces & Flails
  1205 | D:2      | Reached XP level 3. HP: 36/36 MP: 3/3
  1588 | D:2      | Noticed Ijyb
  1601 | D:2      | Killed Ijyb
  1601 | D:2      | Reached skill level 6 in Maces & Flails
  1601 | D:2      | Reached XP level 4. HP: 35/44 MP: 4/4
  1616 | D:2      | Found an ancient bone altar of Kikubaaqudgha.
  2159 | D:3      | Noticed Natasha
  2163 | D:3      | Killed Natasha
  2163 | D:3      | Reached skill level 7 in Maces & Flails
  2218 | D:3      | Reached XP level 5. HP: 30/50 MP: 5/5
  2468 | D:3      | Found a blossoming altar of Fedhas.
  2753 | D:3      | Noticed Natasha
  2756 | D:3      | Killed Natasha
  2756 | D:3      | Reached skill level 8 in Maces & Flails
  2822 | D:3      | Noticed Natasha
  2828 | D:3      | Killed Natasha
  2844 | D:4      | Found a staircase to the Ecumenical Temple.
  2886 | D:5      | Entered Level 5 of the Dungeon
  2920 | D:5      | Found Xadgh's Antique Weapon Shoppe.
  2932 | Temple   | Entered the Ecumenical Temple
  3023 | D:4      | Reached XP level 6. HP: 12/59 MP: 6/6
  3338 | D:4      | Found a basalt altar of Yredelemnul.
  3631 | D:4      | Reached skill level 9 in Maces & Flails
  3729 | D:4      | Found a shadowy altar of Dithmenos.
  3731 | D:4      | Noticed an ogre
  3747 | D:4      | Killed an ogre
  4220 | D:4      | Found a deep blue altar of Sif Muna.
  4414 | D:5      | Noticed an ice beast
  4428 | D:5      | Found a white marble altar of Elyvilon.
  4666 | D:6      | Reached skill level 10 in Maces & Flails
  4666 | D:6      | Reached XP level 7. HP: 50/66 MP: 7/7
  4990 | D:6      | Reached skill level 11 in Maces & Flails
  5273 | D:4      | HP: 3/66 [orc wizard/dagger (2)]
  5277 | D:4      | Reached XP level 8. HP: 4/74 MP: 8/8
  5733 | D:5      | Reached skill level 12 in Maces & Flails
  5758 | D:5      | Found an iron altar of Okawaru.
  5761 | D:5      | Became a worshipper of Warmaster Okawaru
  6245 | D:4      | Killed an ice beast
  6435 | D:5      | Bought a glowing blowgun for 57 gold pieces
  6655 | D:5      | Reached skill level 5 in Fighting
  6695 | D:5      | Found a sparkling altar of Nemelex Xobeh.
  7972 | D:7      | Found a shimmering altar of Xom.
  8096 | D:7      | Acquired Okawaru's first power
  8409 | D:7      | Reached XP level 9. HP: 77/96 MP: 9/9
  9359 | D:8      | Reached skill level 5 in Throwing
  9493 | D:8      | Found a sacrificial altar of Ru.
  9862 | D:8      | Reached skill level 1 in Invocations
 10638 | D:8      | Learned a level 2 spell: Blink
 10641 | D:8      | Learned a level 2 spell: Repel Missiles
 10783 | D:8      | Reached skill level 10 in Fighting
 11806 | D:8      | Reached XP level 10. HP: 44/111 MP: 11/11
 14719 | D:9      | Found a runed door.
 15647 | D:10     | Entered Level 10 of the Dungeon
 16707 | D:10     | Noticed Urug
 16710 | D:10     | Noticed Maurice
 17134 | D:9      | Killed Maurice
 17134 | D:9      | Reached skill level 13 in Fighting
 17134 | D:9      | Reached skill level 10 in Throwing
 17134 | D:9      | Reached XP level 11. HP: 74/127 MP: 12/12
 17218 | D:9      | Received a gift from Okawaru
 17776 | D:10     | Killed Urug
 18103 | D:10     | Noticed Harold
 18139 | D:10     | Killed Harold
 18349 | D:10     | Found a staircase to the Lair.
 18358 | Lair:1   | Entered Level 1 of the Lair of Beasts
 18565 | Lair:2   | Reached skill level 14 in Fighting
 19608 | Lair:1   | Acquired Okawaru's second power
 20478 | D:10     | Noticed Ontamu's ghost (powerful DsMo)
 21870 | D:11     | Noticed a hill giant
 21960 | D:10     | Killed a hill giant
 21960 | D:10     | Received a gift from Okawaru
 21980 | D:10     | Reached skill level 15 in Fighting
 22501 | D:11     | Got an ancient cloak
 22751 | D:11     | Reached XP level 12. HP: 91/143 MP: 13/13
 23399 | D:11     | Identified the cursed +0 cloak "Ecaxuv" {rN+ Dex+4} (You found it on level 11 of the Dungeon)
 24434 | D:11     | Noticed a centaur warrior
 24461 | D:11     | Killed a centaur warrior
 24461 | D:11     | Reached skill level 16 in Fighting
 24950 | D:11     | Found a staircase to the Orcish Mines.
 24950 | D:11     | Noticed a tengu warrior
 25299 | D:12     | Got a glittering brass ring
 25301 | D:12     | Identified the ring of Accord {rF+ Str+2 Slay+2 Stlth+} (You found it on level 12 of the Dungeon)
 25885 | Lair:2   | Received a gift from Okawaru
 26776 | Lair:3   | Found a hole to the Spider Nest.
 27819 | Lair:3   | Received a gift from Okawaru
 28194 | Lair:3   | Noticed a death yak
 28194 | Lair:3   | Noticed a death yak
 28195 | Lair:3   | Noticed a death yak
 28322 | Lair:3   | Mangled by a komodo dragon

Vault maps used:
D:1:      lemuel_arrival_rhombus, serial_forest, infiniplex_forest_end_1,
          infiniplex_forest_lined_3, infiniplex_forest_clump_double,
          infiniplex_forest_join, infiniplex_forest_lined_4_way,
          infiniplex_forest_clump_medium, infiniplex_forest_straight_4,
          infiniplex_forest_clump_cross, infiniplex_forest_end_double
D:2:      lemuel_coloured_pillars_altar, minivault_27, uniq_iyjb
D:3:      first_bread, fedhas_altar_3, uniq_natasha
D:4:      nicolae_overflow_crystal_walls, led_sif_pool,
          minmay_temple_entry_from_below_b, minmay_door_square,
          kennysheep_pointless_box, yredelemnul_altar_generic
D:5:      elyvilon_altar_4, kennysheep_mini_moat, serial_glass, glass_columns_b,
          glass_columns_a, glass_columns_a, glass_columns_a, glass_columns_a,
          glass_columns_a, serial_shops, nicolae_shop_overgrown_old_shop,
          hangedman_abyss_or_decor_jellyfish_corner, nemelex_lonely_heart_becter
D:7:      xom_butterflies
D:8:      lemuel_crystal_altar, minmay_hedge_maze
D:9:      hangedman_tell_no_tales
D:10:     david_lair_shrubbed, eino_small_chamber_without_monster,
          kennysheep_generic_room_3, uniq_urug, uniq_harold, uniq_maurice
D:11:     minmay_orc_entry_guard_dogs, special_room, spider_trap, uniq_psyche
D:12:     st_stairs_2, uniq_nessos, uniq_erolcha
Temple:   circular_temple_12
Lair:1:   lemuel_fruit_fields
Lair:2:   st_stairs_6, infiniplex_staircase_pool
Lair:3:   beast_lair_carwin_large_3, nicolae_spider_entry_non_spiders,
          columned_hall_lemuel

Action                   |  1- 3 |  4- 6 |  7- 9 | 10-12 || total
-------------------------+-------+-------+-------+-------++-------
Melee: Flail             |    29 |     8 |    66 |   193 ||   296
       Whip              |    69 |   223 |   480 |   935 ||  1707
       Giant spiked club |       |       |       |    23 ||    23
 Fire: Blowgun           |       |    12 |    19 |   136 ||   167
       Hunting sling     |       |       |     5 |       ||     5
Throw: Stone             |       |     2 |     5 |    32 ||    39
       Javelin           |       |       |       |    13 ||    13
       Tomahawk          |       |       |       |     8 ||     8
Invok: Heroism           |       |       |       |     1 ||     1
Evoke: Wand              |       |       |       |     5 ||     5
  Use: Scroll            |       |       |       |    15 ||    15
       Potion            |       |       |       |     1 ||     1
 Stab: Sleeping          |       |     1 |       |    14 ||    15
       Distracted        |       |       |     2 |     1 ||     3
       Paralysed         |       |       |       |    17 ||    17
       Confused          |       |       |       |     3 ||     3
  Eat: Chunk             |     2 |     7 |    24 |    49 ||    82
       Fruit             |       |     1 |     2 |     7 ||    10
       Pizza             |       |       |       |     1 ||     1
